 Seeded DCSS version 0.29.1-15-g9cfb28693d (webtiles) character file.

Game seed: 2661920746371113909 (custom seed)

835 Mickster the Poker (level 7, 0/61 HPs)
             Began as a Hill Orc Berserker on Apr 8, 2023.
             Was a Believer of Trog.
             Slain by a gnoll
             ... wielding a +0 spear
             ... led by a gnoll bouda
              (3 damage)
             ... on level 5 of the Dungeon.
             The game lasted 00:38:37 (3601 turns).

Mickster the Poker (Hill Orc Berserker)             Turns: 3601, Time: 00:38:38

Health: 0/61       AC: 13    Str: 22    XL:     7   Next: 98%
Magic:  0/7        EV:  8    Int:  7    God:    Trog [**....]
Gold:   297        SH:  0    Dex: 10    Spells: 6/6 levels left

rFire   + . .      SeeInvis .   s - +2 trident (venom)
rCold   . . .      Faith    .   r - orb {mayhem}
rNeg    . . .      Spirit   +   n - +0 chain mail
rPois   .          Reflect  .   j - +0 helmet
rElec   .          Harm     .   (no cloak)
rCorr   .          Rampage  .   q - +0 pair of gloves
Will    ++...                   g - +0 pair of boots
Stlth   ..........              v - amulet of guardian spirit
HPRegen 1.20/turn               m - ring of protection from fire
MPRegen 0.10/turn               (no ring)

@: about to teleport, strong-willed (expiring), on berserk cooldown,
regenerating (expiring), slowed, very slow
A: no striking features
a: Renounce Religion, Berserk, Trog's Hand


You were on level 5 of the Dungeon.
You worshipped Trog.
Trog was pleased with you.
You visited 1 branch of the dungeon, and saw 5 of its levels.

You collected 297 gold pieces.

Inventory:

Hand Weapons
 a - a +0 hand axe
 c - a +1 vampiric whip
 d - a +0 hand axe of venom
 s - a +2 trident of venom (weapon)
 w - a +0 mace
 y - a +0 longbow
Missiles
 e - 4 boomerangs
 f - 44 stones
 i - 3 curare-tipped darts (quivered)
 p - 5 javelins
 u - a throwing net
Armour
 g - a +0 pair of boots (worn)
 j - a +0 helmet (worn)
 n - a +0 chain mail (worn)
 q - a +0 pair of gloves (worn)
 r - an orb of mayhem (worn)
 t - a +1 chain mail of fire resistance
Jewellery
 m - a ring of protection from fire (left hand)
 v - an amulet of guardian spirit (around neck)
Wands
 l - a wand of flame (7)
Scrolls
 h - a scroll of identify
 o - 2 scrolls of teleportation
Potions
 z - a potion of flight


   Skills:
 + Level 5.1 Fighting
 - Level 5.0(6.8) Axes
 * Level 5.8(6.4) Polearms
 * Level 2.1 Throwing
 + Level 4.8 Armour
 + Level 2.4 Dodging
 + Level 0.5 Stealth


You had 6 spell levels left.
You didn't know any spells.
Your spell library was empty.

Dungeon Overview and Level Annotations

Branches:
Dungeon (5/15)
 Temple: D:4-7

Altars:
Trog
Uskayaw
Beogh

Annotations:
D:3 3 runed translucent doors, Demosthentine's ghost, amateur DsGl


Message History

The gnoll is moderately wounded.
The gnoll hits you with a +0 spear! The jelly hits you but does no damage.
The gnoll closely misses you. The gnoll hits you but does no damage.
The gnoll hits you with a +0 spear. The jelly hits you.
You are splashed with acid!
* * * LOW HITPOINT WARNING * * *
You hit the gnoll.
The gnoll looks as sick as possible!
The gnoll is almost dead.
You kill the gnoll!
Trog accepts your kill.
The jelly flies into a frenzy!
The gnoll hits you with a +0 spear.
* * * LOW HITPOINT WARNING * * *
The gnoll barely misses you. The jelly barely misses you.
The gnoll closely misses you.
The gnoll hits you from afar with a +0 spear.
* * * LOW HITPOINT WARNING * * *
Your Throwing skill increases to level 2!
The jelly attacks as you move away! The jelly hits you but does no damage.
Found 14 gold pieces.
The gnoll is no longer moving quickly.
The gnoll looks more healthy.
The gnoll barely misses the gnoll.
The jelly hits the gnoll.
The gnoll is splashed with acid.
The gnoll hits the jelly with a +0 spear!
The jelly dies!
Trog accepts your kill.
The gnoll hits you from afar with a +0 spear.
* * * LOW HITPOINT WARNING * * *
The gnoll hits the gnoll with a +0 spear.
Unknown command.
You hit the gnoll but do no damage.
You are no longer corroded.
The gnoll hits you with a +0 spear.
* * * LOW HITPOINT WARNING * * *
The gnoll hits you from afar with a +0 spear.
* * * LOW HITPOINT WARNING * * *
The gnoll barely misses you. The gnoll hits you but does no damage.
As you read the scroll of teleportation, it crumbles to dust.
You feel strangely unstable.
You feel the effects of Trog's Hand fading.
The gnoll hits you with a +0 spear.
You die...

#.......##########...
#.#####............#
#.# ########.....##
#.# ##....$ ##......
##.###....... ##.....
#..##...... ###...
#.##.[... #...
#.##.(.♣ #...
#.#.g@.♣ #...
#.#g).)♣ #...
#.#.†)$♣ #...
#......♣ #...
###.....♣ #...
#......... #...
##.......) #...
##......# #...
######## ####


You could see a gnoll and a neutral gnoll (fast, strong, insane, distracted).

Vanquished Creatures
  Menkaure (D:5)
  A black bear (D:4)
  A phantom (D:5)
  A necrophage (D:5)
  A jelly (D:5)
  3 hounds
  An orc priest (D:4)
  An iguana (D:4)
  A gnoll bouda (D:5)
  Terence (D:3)
  An orc wizard (D:4)
  Robin (D:3)
  5 gnolls
  4 adders
  An ufetubus (D:5)
  A dart slug (D:2)
  5 orcs
  6 ball pythons
  5 endoplasms
  A giant cockroach (D:1)
  11 goblins
  12 hobgoblins
  3 jackals (D:2)
  3 quokkas
  5 bats
  5 frilled lizards
  7 kobolds
  2 rats
90 creatures vanquished.

Vanquished Creatures (collateral kills)
  A jelly (D:5)
  An adder (D:5)
  An orc (D:3)
  A frilled lizard (D:3)
  A goblin (D:3)
5 creatures vanquished.

Vanquished Creatures (others)
  An adder (D:5)
  A gnoll (D:5)
  2 goblins (D:3)
4 creatures vanquished.

Grand Total: 99 creatures vanquished

Notes
Turn   | Place    | Note
-------+----------+-------------------------------------------
     0 | D:1      | Mickster the Hill Orc Berserker began the quest for the
                  | Orb.
     0 | D:1      | Reached XP level 1. HP: 19/19 MP: 1/1
   215 | D:1      | Reached XP level 2. HP: 14/27 MP: 2/2
   328 | D:1      | Found a faded altar of an unknown god.
   731 | D:2      | Reached XP level 3. HP: 27/33 MP: 3/3
  1325 | D:3      | Reached skill level 5 in Axes
  1328 | D:3      | Reached ** piety under Trog
  1475 | D:3      | Noticed Terence
  1483 | D:3      | Killed Terence
  1484 | D:3      | Reached XP level 4. HP: 32/40 MP: 4/4
  1563 | D:3      | Noticed Robin
  1567 | D:3      | Killed Robin
  1611 | D:3      | Noticed Demosthentine's ghost (amateur DsGl)
  1612 | D:3      | Found a runed translucent gate.
  1612 | D:3      | Found a runed translucent gate.
  1612 | D:3      | Found a runed translucent gate.
  1612 | D:3      | Identified the +5 scale mail "Anakle" {rPois rC- Int+4}
  1719 | D:3      | Reached skill level 1 in Polearms
  1719 | D:3      | Reached XP level 5. HP: 37/47 MP: 5/5
  1850 | D:4      | Noticed a black bear
  1858 | D:4      | Killed a black bear
  1859 | D:4      | Reached XP level 6. HP: 52/53 MP: 6/6
  1944 | D:4      | Found a bloodstained altar of Trog.
  2020 | D:4      | Reached skill level 1 in Throwing
  2130 | D:4      | Found a roughly hewn altar of Beogh.
  2199 | D:4      | Reached XP level 7. HP: 60/60 MP: 7/7
  2284 | D:4      | Found a hide-covered altar of Uskayaw.
  2911 | D:5      | Entered Level 5 of the Dungeon
  2931 | D:5      | Reached skill level 5 in Polearms
  3139 | D:5      | Noticed Menkaure
  3150 | D:5      | Killed Menkaure
  3151 | D:5      | Reached skill level 5 in Fighting
  3598 | D:5      | HP: 3/61 [gnoll/+0 spear[a gnoll bouda] (3)]
  3600 | D:5      | HP: 1/61 [gnoll/+0 spear[a gnoll bouda] (4)]
  3601 | D:5      | Slain by a gnoll

Illustrated notes

Levels and vault maps discovered:
D:1:      dpeg_arrival_round_a, layout_loops_ring,
          hellmonk_ecumenical_altar_arch_garden
D:2:      layout_rooms, minmay_quantized
D:3:      layout_rooms, biasface_ghost_orc_armoury,
          minmay_misc_feat_more_columns, uniq_robin, uniq_terence
D:4:      layout_layer_cave, trog_hazing_becter, nicolae_uskayaw_dance_hall,
          kennysheep_orc_chapel
D:5:      layout_basic, minitemple, lemuel_temple_firewalk_b,
          portal_sewer_entry_a, kennysheep_potato, uniq_menkaure

Skill      XL: |  1  2  3  4  5  6  7 |
---------------+----------------------+-----
Fighting       | 4 5 |  5.1
Dodging        | 2 |  2.4
Axes           | 5 |  5.0
Armour         | 3 4 |  4.8
Polearms       | 1 3 4 5 |  5.8
Throwing       | 1 2 |  2.1
Stealth        | |  0.5

Action                   |  1- 3 |  4- 6 |  7- 9 || total
-------------------------+-------+-------+-------++-------
Melee: Hand axe          |    87 |       |       ||    87
       Punch             |     1 |       |       ||     1
       Trident           |    15 |    97 |    48 ||   160
Throw: Boomerang         |     2 |     1 |       ||     3
       Dart              |       |       |     2 ||     2
Invok: Berserk           |     2 |     3 |     2 ||     7
       Trog's Hand       |       |     3 |     1 ||     4
  Use: Scroll            |     6 |     2 |     2 ||    10
       Potion            |     4 |     1 |     3 ||     8
 Stab: Distracted        |       |     2 |       ||     2
Armor: Animal skin       |    17 |       |       ||    17
       Chain mail        |    45 |    65 |    56 ||   166
Dodge: Dodged            |    75 |    47 |    49 ||   171
